Little Stars vs Eagles
Created - January 16, 2022 at 19:07
Goals
|
Little Stars |
3 |
1 |
0 |
4 |
Eagles |
0 |
2 |
0 |
2 |
|
Shots
|
Little Stars |
16 |
6 |
11 |
33 |
Eagles |
14 |
10 |
5 |
29 |
|
1st period
1. Little Stars , Michael Mersch 3 (Matt Luff 2, Roman Horak 5) at 7:01
2. Little Stars , Matt Luff 4 (Michael Mersch 5) at 9:09
3. Little Stars , Jordan LaVallee 13 (Tucker Poolman 2, Daniel O'regan 20) at 11:39
Penalties :
No Penalty
2nd period
4. Eagles , Dmitrij Jaskin 11 (Jonathan Marchessault 11, Thomas Chabot 6) at 0:16
5. Little Stars , Ilya Mikheyev 10 (Daniel O'regan 21, Jordan LaVallee 10) at 1:41
6. Eagles , Tomas Tatar 10 (Drake Caggiula 9) at 15:26
Penalties :
Drake Caggiula (Col) for Roughing (Minor) at 5:00, Joel Edmundson (Col) for Hooking (Minor) at 18:03
3rd period
No Goal
Penalties :
Daniel Carr (Col) for Hooking (Minor) at 7:06, Daniel Carr (Col) for Holding Stick (Minor) at 13:00, Joel Edmundson (Col) for Interference (Minor) at 16:28
Goalie Stats
Dustin Tokarski (Tex), 27 saves from 29 shots - (0.931), W, 4-3-0, 60:00 minutes
Antoine Bibeau (Col), 14 saves from 18 shots - (0.778), L, 3-2-0, 21:41 minutes
Marek Mazanek (Col), 15 saves from 15 shots - (1.000), 38:19 minutes
Players Stats for Little Stars
Player Name G A P +/- PIM S H SB GA TA FO MP PP MP PK MP
------------------------------------------------------------------------------------
Adam Tambellini 0 0 0 0 0 2 2 0 1 0 0/2 18:41 4:16 0:00
Anton Cederholm 0 0 0 -1 0 0 1 4 0 1 0/0 26:34 6:29 0:00
Daniel O'regan 0 2 2 0 0 4 0 0 0 0 15/31 21:41 5:39 0:00
Eric Knodel 0 0 0 -1 0 0 0 2 1 0 0/0 24:08 3:26 0:00
Frederic Allard 0 0 0 2 0 1 2 2 1 0 0/0 19:01 6:29 0:00
Henrik Borgstrom 0 0 0 0 0 1 2 0 1 0 4/9 18:25 4:16 0:00
Ilya Mikheyev 1 0 1 0 0 4 3 1 2 1 1/1 21:41 5:39 0:00
Jason Dickinson 0 0 0 0 0 4 0 2 0 0 4/7 12:24 0:00 0:00
Joakim Nygard 0 0 0 0 0 3 0 0 1 0 0/1 12:21 0:00 0:00
Jordan LaVallee 1 1 2 0 0 4 1 1 2 0 2/2 21:41 5:39 0:00
Matt Luff 1 1 2 2 0 1 0 0 0 0 0/0 7:17 0:00 0:00
Michael Mersch 1 1 2 2 0 1 0 0 0 0 0/0 7:17 0:00 0:00
Reece Willcox 0 0 0 1 0 0 0 0 0 0 0/0 20:33 3:26 0:00
Roman Horak 0 1 1 2 0 0 0 0 0 0 0/2 7:30 0:00 0:00
Sebastian Wannstrom 0 0 0 0 0 2 2 0 1 1 0/1 18:41 4:16 0:00
Tucker Poolman 0 1 1 1 0 1 2 2 0 0 0/0 17:00 0:00 0:00
Ville Pokka 0 0 0 2 0 0 0 0 0 0 0/0 12:44 0:00 0:00
Zach Budish 0 0 0 0 0 5 1 1 0 0 0/0 12:21 0:00 0:00
Players Stats for Eagles
Player Name G A P +/- PIM S H SB GA TA FO MP PP MP PK MP
------------------------------------------------------------------------------------
Connor Carrick 0 0 0 0 0 0 0 2 0 2 0/0 10:47 0:00 0:00
Daniel Carr 0 0 0 -1 4 2 1 1 0 0 6/8 23:50 0:00 3:20
Dmitrij Jaskin 1 0 1 -2 0 2 2 1 0 1 0/1 19:08 0:00 2:08
Drake Caggiula 0 1 1 1 2 1 3 0 1 0 6/11 17:01 0:00 1:20
Jared McCann 0 0 0 -1 0 1 0 2 0 0 0/3 16:31 0:00 0:25
Joel Edmundson 0 0 0 -2 4 1 0 1 0 2 0/0 22:47 0:00 3:27
John Ramage 0 0 0 0 0 1 0 2 1 0 0/0 18:58 0:00 3:58
Jonathan Marchessault 0 1 1 -2 0 1 2 0 0 0 10/16 19:08 0:00 2:08
Jonathan Racine 0 0 0 0 0 0 0 0 0 0 0/0 5:46 0:00 0:46
Joseph Blandisi 0 0 0 -1 0 2 2 0 0 0 0/2 14:43 0:00 1:53
Matteson Iacopelli 0 0 0 1 0 1 1 0 0 0 0/0 15:45 0:00 0:00
Michael Dal Colle 0 0 0 0 0 1 0 0 0 0 0/0 4:02 0:00 0:01
Pius Suter 0 0 0 0 0 0 0 0 0 0 0/0 0:29 0:00 0:00
Ryan Murphy 0 0 0 0 0 2 1 1 0 2 0/0 18:58 0:00 3:58
Sam Steel 0 0 0 0 0 0 0 0 0 0 2/5 3:31 0:00 2:42
Stefan Elliott 0 0 0 -2 0 3 1 2 1 0 0/0 25:15 0:00 5:57
Thomas Chabot 0 1 1 0 0 2 0 0 0 2 0/0 12:53 0:00 1:44
Tomas Tatar 1 0 1 1 0 7 3 0 0 1 0/0 21:22 0:00 5:53
Tyler Motte 0 0 0 -1 0 0 0 0 0 0 0/0 1:28 0:00 0:00
Xavier Ouellet 0 0 0 0 0 0 0 0 0 0 0/0 5:00 0:00 0:00
Zach Aston-Reese 0 0 0 -1 0 2 1 0 0 0 6/10 12:38 0:00 0:00
3 Stars
1 - Michael Mersch (Tex)
2 - Matt Luff (Tex)
3 - Jordan LaVallee (Tex)
Power Play
Little Stars - 0 on 5 Attempt(s) - 0.00%
Eagles - 0 on 0 Attempt(s) - 0.00%
Penalty Kill
Little Stars - 0 on 0 Attempt(s) - 0.00%
- Score 0 goal in Penalty Kill
Eagles - 5 on 5 Attempt(s) - 100.00%
- Score 0 goal in Penalty Kill
Team Stat
Little Stars - Hits : 16 - Faceoff Wins : 26 - Blocked Shots : 15 - Penalty Minutes : 0
Eagles - Hits : 17 - Faceoff Wins : 30 - Blocked Shots : 12 - Penalty Minutes : 10
Official
Referees : Justin St. Pierre and Chris Rooney
Linesman : Bevan Mills and Jonny Murray
Game Notes
Marek Mazanek enters game at 1:41 of 2nd period
Finance
Level 1 -- Attendance: 1797 (89.85%) -- Ticket Income $62,895
Level 2 -- Attendance: 857 (85.70%) -- Ticket Income $12,855
Total Attendance: 2654 (88.47%)
Total Ticket Income: $75,750
Other Income: $3,788
Total Income: $79,538
Little Stars
5 vs 5 Forward
Center Left Wing Right Wing Time % Phy DF OF
1 Daniel O'regan Jordan LaVallee Ilya Mikheyev 40 1 2 2
2 Henrik Borgstrom Adam Tambellini Sebastian Wannstrom 30 1 2 2
3 Jason Dickinson Joakim Nygard Zach Budish 20 1 2 2
4 Roman Horak Michael Mersch Matt Luff 10 1 2 2
5 vs 5 Defense
Defense Defense Time % Phy DF OF
1 Anton Cederholm Eric Knodel 40 1 2 2
2 Reece Willcox Tucker Poolman 30 1 2 2
3 Ville Pokka Frederic Allard 20 1 2 2
4 Anton Cederholm Eric Knodel 10 1 2 2
PowerPlay Forward
Center Left Wing Right Wing Time % Phy DF OF
1 Daniel O'regan Jordan LaVallee Ilya Mikheyev 60 1 2 2
2 Henrik Borgstrom Adam Tambellini Sebastian Wannstrom 40 1 2 2
PowerPlay Defense
Defense Defense Time % Phy DF OF
1 Anton Cederholm Frederic Allard 60 1 2 2
2 Reece Willcox Eric Knodel 40 1 2 2
Penalty Kill 4 Players Forward
Center Wing Time % Phy DF OF
1 Daniel O'regan Jordan LaVallee 60 1 2 2
2 Henrik Borgstrom Adam Tambellini 40 1 2 2
Penalty Kill 4 Players Defense
Defense Defense Time % Phy DF OF
1 Anton Cederholm Frederic Allard 60 1 2 2
2 Reece Willcox Eric Knodel 40 1 2 2
Penalty Kill - 3 Players Forward
Forward Time % Phy DF OF
1 Daniel O'regan 60 1 2 2
2 Henrik Borgstrom 40 1 2 2
Penalty Kill - 3 Players Defense
Defense Defense Time % Phy DF OF
1 Anton Cederholm Frederic Allard 60 1 2 2
2 Reece Willcox Eric Knodel 40 1 2 2
4 vs 4 Forward
Center Wing Time % Phy DF OF
1 Daniel O'regan Jordan LaVallee 60 1 2 2
2 Henrik Borgstrom Adam Tambellini 40 1 2 2
4 vs 4 Defense
Defense Defense Time % Phy DF OF
1 Anton Cederholm Frederic Allard 60 1 2 2
2 Reece Willcox Eric Knodel 40 1 2 2
Last Minutes Offensive
Center Left Wing Right Wing Defense Defense
Daniel O'regan Jordan LaVallee Ilya Mikheyev Anton Cederholm Frederic Allard
Last Minutes Defensive
Center Left Wing Right Wing Defense Defense
Daniel O'regan Jordan LaVallee Ilya Mikheyev Anton Cederholm Frederic Allard
Goaltenders
Starting : Dustin Tokarski
Backup : Connor Knapp
Extra Forwards
Normal : Daniel O'regan, Sebastian Wannstrom, Zach Budish - PP : Daniel O'regan, Sebastian Wannstrom - PK : Daniel O'regan
Extra Defensemen
Normal : Tucker Poolman, Ville Pokka, Frederic Allard - PP : Tucker Poolman - PK : Tucker Poolman, Ville Pokka
Penalty Shots
Jordan LaVallee, Ilya Mikheyev, Adam Tambellini, Joakim Nygard, Daniel O'regan
Scratches
Daniil Tarasov (Healthy), Emile Poirier (Healthy), Jean-Christophe Beaudin (Healthy), Justin Auger (Healthy), Lawrence Pilut (Healthy)
Radel Fazleev (Healthy), Rudolfs Balcers (Healthy), Shane Gersich (Healthy), Yakov Trenin (Healthy), Joey Anderson (Healthy)
Jonathan Dahlen (Healthy), Givani Smith (Healthy)
Eagles
5 vs 5 Forward
Center Left Wing Right Wing Time % Phy DF OF
1 Jonathan Marchessault Daniel Carr Dmitrij Jaskin 40 1 2 2
2 Drake Caggiula Tomas Tatar Matteson Iacopelli 30 1 2 2
3 Zach Aston-Reese Joseph Blandisi Jared McCann 20 1 2 2
4 Jared McCann Michael Dal Colle Daniel Carr 10 1 2 2
5 vs 5 Defense
Defense Defense Time % Phy DF OF
1 Joel Edmundson Stefan Elliott 40 1 2 2
2 Ryan Murphy John Ramage 30 1 2 2
3 Connor Carrick Thomas Chabot 20 1 2 2
4 Jonathan Racine Xavier Ouellet 10 1 2 2
PowerPlay Forward
Center Left Wing Right Wing Time % Phy DF OF
1 Jonathan Marchessault Daniel Carr Dmitrij Jaskin 60 1 2 2
2 Drake Caggiula Tomas Tatar Matteson Iacopelli 40 1 2 2
PowerPlay Defense
Defense Defense Time % Phy DF OF
1 Joel Edmundson Stefan Elliott 60 1 2 2
2 Ryan Murphy John Ramage 40 1 2 2
Penalty Kill 4 Players Forward
Center Wing Time % Phy DF OF
1 Daniel Carr Tomas Tatar 60 1 2 2
2 Jonathan Marchessault Dmitrij Jaskin 40 1 2 2
Penalty Kill 4 Players Defense
Defense Defense Time % Phy DF OF
1 Joel Edmundson Stefan Elliott 60 1 2 2
2 Ryan Murphy John Ramage 40 1 2 2
Penalty Kill - 3 Players Forward
Forward Time % Phy DF OF
1 Daniel Carr 60 1 2 2
2 Tomas Tatar 40 1 2 2
Penalty Kill - 3 Players Defense
Defense Defense Time % Phy DF OF
1 Joel Edmundson Stefan Elliott 60 1 2 2
2 Ryan Murphy John Ramage 40 1 2 2
4 vs 4 Forward
Center Wing Time % Phy DF OF
1 Daniel Carr Tomas Tatar 60 1 2 2
2 Jonathan Marchessault Dmitrij Jaskin 40 1 2 2
4 vs 4 Defense
Defense Defense Time % Phy DF OF
1 Joel Edmundson Stefan Elliott 60 1 2 2
2 Ryan Murphy John Ramage 40 1 2 2
Last Minutes Offensive
Center Left Wing Right Wing Defense Defense
Jonathan Marchessault Daniel Carr Dmitrij Jaskin Joel Edmundson Stefan Elliott
Last Minutes Defensive
Center Left Wing Right Wing Defense Defense
Jonathan Marchessault Daniel Carr Dmitrij Jaskin Joel Edmundson Stefan Elliott
Goaltenders
Starting : Antoine Bibeau
Backup : Marek Mazanek
Extra Forwards
Normal : Tyler Motte, Pius Suter, Sam Steel - PP : Tyler Motte, Pius Suter - PK : Sam Steel
Extra Defensemen
Normal : Connor Carrick, Thomas Chabot, Jonathan Racine - PP : Connor Carrick - PK : Thomas Chabot, Jonathan Racine
Penalty Shots
Daniel Carr, Tomas Tatar, Jonathan Marchessault, Dmitrij Jaskin, Joseph Blandisi
Scratches
Anthony Duclair (Healthy), Chris Calhan (Healthy), Dominik Kubalik (Healthy), Mark Friedman (Healthy), Keaton Middleton (Healthy)
Max Lajoie (Healthy), Pascal Laberge (Healthy), Adin Hill (Healthy)
% Time on Ice - Little Stars
Lines # - Real PCT - Wanted PCT - Time Play
Normal Forward
1 - 33% - 40% - 16:31
2 - 29% - 30% - 14:21
3 - 24% - 20% - 11:56
4 - 15% - 10% - 7:17
Normal Defense
1 - 34% - 40% - 17:05
2 - 35% - 30% - 17:34
3 - 26% - 20% - 13:02
4 - 5% - 10% - 2:24
PP Forward
1 - 57% - 60% - 5:39
2 - 43% - 40% - 4:16
PP Defense
1 - 65% - 60% - 6:29
2 - 35% - 40% - 3:26
PK Forward
1 - 0% - 60%
2 - 0% - 40%
PK Defense
1 - 0% - 60%
2 - 0% - 40%
PK3 Forward
1 - 0% - 60%
2 - 0% - 40%
PK3 Defense
1 - 0% - 60%
2 - 0% - 40%
44 Forward
1 - 0% - 60%
2 - 0% - 40%
44 Defense
1 - 0% - 60%
2 - 0% - 40%
Last Minute Offensive - 0:00
Last Minute Defensive - 0:00
Total
Forward - 60:00
Defense - 60:00
|
% Time on Ice - Eagles
Lines # - Real PCT - Wanted PCT - Time Play
Normal Forward
1 - 37% - 40% - 18:17
2 - 31% - 30% - 15:36
3 - 25% - 20% - 12:38
4 - 7% - 10% - 3:34
Normal Defense
1 - 39% - 40% - 19:18
2 - 30% - 30% - 15:00
3 - 22% - 20% - 10:47
4 - 10% - 10% - 5:00
PP Forward
1 - 0% - 60%
2 - 0% - 40%
PP Defense
1 - 0% - 60%
2 - 0% - 40%
PK Forward
1 - 78% - 60% - 7:47
2 - 22% - 40% - 2:08
PK Defense
1 - 60% - 60% - 5:57
2 - 40% - 40% - 3:58
PK3 Forward
1 - 0% - 60%
2 - 0% - 40%
PK3 Defense
1 - 0% - 60%
2 - 0% - 40%
44 Forward
1 - 0% - 60%
2 - 0% - 40%
44 Defense
1 - 0% - 60%
2 - 0% - 40%
Last Minute Offensive - 0:00
Last Minute Defensive - 0:00
Total
Forward - 60:00
Defense - 60:00
|
Play-by-Play
1st period
0:01 of 1st period - Ilya Mikheyev wins face-off versus Jonathan Marchessault in neutral zone.
0:37 of 1st period - Icing by Joel Edmundson.
0:38 of 1st period - Drake Caggiula wins face-off versus Jason Dickinson in Eagles zone.
0:45 of 1st period - Snap shot by Stefan Elliott.
0:45 of 1st period - Shot Hit the Post.
0:47 of 1st period - Wrist shot by Tomas Tatar.
0:47 of 1st period - Stopped by Dustin Tokarski with a rebound.
0:49 of 1st period - Slapshot by Stefan Elliott.
0:49 of 1st period - Shot Misses the Net.
0:51 of 1st period - Backhand shot by Stefan Elliott.
0:51 of 1st period - Stopped by Dustin Tokarski with a rebound.
0:57 of 1st period - Wrist shot by Tomas Tatar.
0:57 of 1st period - Shot Misses the Net.
1:05 of 1st period - Wrist shot by Tomas Tatar.
1:05 of 1st period - Stopped by Dustin Tokarski without a rebound.
1:06 of 1st period - Zach Aston-Reese wins face-off versus Roman Horak in Little Stars zone.
1:07 of 1st period - Slapshot by Joseph Blandisi.
1:07 of 1st period - Stopped by Dustin Tokarski without a rebound.
1:08 of 1st period - Zach Aston-Reese wins face-off versus Roman Horak in Little Stars zone.
2:28 of 1st period - Frederic Allard is hit by Zach Aston-Reese and loses puck.
3:03 of 1st period - Icing by Xavier Ouellet.
3:04 of 1st period - Drake Caggiula wins face-off versus Henrik Borgstrom in Eagles zone.
3:10 of 1st period - Off-side.
3:11 of 1st period - Zach Aston-Reese wins face-off versus Daniel O'regan in neutral zone.
4:14 of 1st period - Wrist shot by Daniel O'regan.
4:14 of 1st period - Stopped by Antoine Bibeau with a rebound.
5:04 of 1st period - Snap shot by Jordan LaVallee.
5:04 of 1st period - Stopped by Antoine Bibeau with a rebound.
5:23 of 1st period - Snap shot by Tomas Tatar.
5:23 of 1st period - Stopped by Dustin Tokarski with a rebound.
5:45 of 1st period - Snap shot by Jordan LaVallee.
5:45 of 1st period - Stopped by Antoine Bibeau without a rebound.
5:46 of 1st period - Jonathan Marchessault wins face-off versus Henrik Borgstrom in Eagles zone.
6:42 of 1st period - Jared McCann is hit by Adam Tambellini and loses puck.
7:01 of 1st period - Slapshot by Michael Mersch.
7:01 of 1st period - Goal by Michael Mersch - Little Stars : 1 - Eagles : 0.
7:02 of 1st period - Jonathan Marchessault wins face-off versus Adam Tambellini in neutral zone.
7:05 of 1st period - Tucker Poolman is hit by Dmitrij Jaskin and loses puck.
7:32 of 1st period - Snap shot by Roman Horak.
7:32 of 1st period - Shot Blocked by Connor Carrick.
7:34 of 1st period - Slapshot by Ville Pokka.
7:34 of 1st period - Shot Blocked by Connor Carrick.
7:40 of 1st period - Snap shot by Michael Mersch.
7:40 of 1st period - Shot Blocked by Dmitrij Jaskin.
8:00 of 1st period - Wrist shot by Joakim Nygard.
8:00 of 1st period - Deflect By Jason Dickinson.
8:00 of 1st period - Stopped by Antoine Bibeau without a rebound.
8:01 of 1st period - Zach Aston-Reese wins face-off versus Henrik Borgstrom in Eagles zone.
9:05 of 1st period - Michael Mersch is hit by Jonathan Marchessault.
9:09 of 1st period - Wrist shot by Matt Luff.
9:09 of 1st period - Goal by Matt Luff - Little Stars : 2 - Eagles : 0.
9:10 of 1st period - Henrik Borgstrom wins face-off versus Daniel Carr in neutral zone.
9:17 of 1st period - Slapshot by Sebastian Wannstrom.
9:17 of 1st period - Shot Blocked by John Ramage.
9:19 of 1st period - Backhand shot by Eric Knodel.
9:19 of 1st period - Shot Blocked by John Ramage.
9:21 of 1st period - Snap shot by Sebastian Wannstrom.
9:21 of 1st period - Deflect By Daniel Carr.
9:21 of 1st period - Stopped by Antoine Bibeau with a rebound.
9:35 of 1st period - Jared McCann is hit by Jordan LaVallee and loses puck.
9:40 of 1st period - Wrist shot by Daniel O'regan.
9:40 of 1st period - Stopped by Antoine Bibeau without a rebound.
9:41 of 1st period - Jason Dickinson wins face-off versus Jared McCann in Eagles zone.
9:46 of 1st period - Slapshot by Zach Budish.
9:46 of 1st period - Stopped by Antoine Bibeau with a rebound.
9:48 of 1st period - Slapshot by Tucker Poolman.
9:48 of 1st period - Shot Misses the Net.
9:50 of 1st period - Slapshot by Joakim Nygard.
9:50 of 1st period - Stopped by Antoine Bibeau with a rebound.
9:52 of 1st period - Wrist shot by Jason Dickinson.
9:52 of 1st period - Stopped by Antoine Bibeau with a rebound.
10:06 of 1st period - Henrik Borgstrom is hit by Drake Caggiula and loses puck.
10:27 of 1st period - Slapshot by Daniel Carr.
10:27 of 1st period - Shot Blocked by Eric Knodel.
10:29 of 1st period - Snap shot by Daniel Carr.
10:29 of 1st period - Stopped by Dustin Tokarski with a rebound.
10:31 of 1st period - Wrist shot by Daniel Carr.
10:31 of 1st period - Shot Blocked by Anton Cederholm.
10:33 of 1st period - Snap shot by Jonathan Marchessault.
10:33 of 1st period - Shot Misses the Net.
10:49 of 1st period - Snap shot by Zach Aston-Reese.
10:49 of 1st period - Shot Misses the Net.
10:51 of 1st period - Wrist shot by Joel Edmundson.
10:51 of 1st period - Shot Blocked by Eric Knodel.
11:01 of 1st period - Eric Knodel is hit by Drake Caggiula.
11:27 of 1st period - Snap shot by Daniel O'regan.
11:27 of 1st period - Stopped by Antoine Bibeau without a rebound.
11:28 of 1st period - Daniel O'regan wins face-off versus Zach Aston-Reese in Eagles zone.
11:33 of 1st period - Snap shot by Daniel O'regan.
11:33 of 1st period - Stopped by Antoine Bibeau with a rebound.
11:35 of 1st period - Slapshot by Tucker Poolman.
11:35 of 1st period - Shot Blocked by Jared McCann.
11:37 of 1st period - Wrist shot by Jordan LaVallee.
11:37 of 1st period - Stopped by Antoine Bibeau with a rebound.
11:39 of 1st period - Backhand shot by Jordan LaVallee.
11:39 of 1st period - Goal by Jordan LaVallee - Little Stars : 3 - Eagles : 0.
11:40 of 1st period - Daniel O'regan wins face-off versus Jonathan Marchessault in neutral zone.
12:05 of 1st period - Henrik Borgstrom is hit by Joseph Blandisi and loses puck.
12:48 of 1st period - Snap shot by Joakim Nygard.
12:48 of 1st period - Shot Misses the Net.
12:50 of 1st period - Slapshot by Anton Cederholm.
12:50 of 1st period - Shot Misses the Net.
14:01 of 1st period - Off-side.
14:02 of 1st period - Drake Caggiula wins face-off versus Jason Dickinson in neutral zone.
14:07 of 1st period - Snap shot by Tomas Tatar.
14:07 of 1st period - Shot Misses the Net.
14:09 of 1st period - Snap shot by Tomas Tatar.
14:09 of 1st period - Stopped by Dustin Tokarski with a rebound.
14:11 of 1st period - Snap shot by Drake Caggiula.
14:11 of 1st period - Stopped by Dustin Tokarski with a rebound.
14:13 of 1st period - Snap shot by John Ramage.
14:13 of 1st period - Shot Misses the Net.
14:15 of 1st period - Snap shot by Ryan Murphy.
14:15 of 1st period - Stopped by Dustin Tokarski with a rebound.
14:17 of 1st period - Slapshot by John Ramage.
14:17 of 1st period - Stopped by Dustin Tokarski without a rebound.
14:18 of 1st period - Jonathan Marchessault wins face-off versus Henrik Borgstrom in Little Stars zone.
14:19 of 1st period - Snap shot by Dmitrij Jaskin.
14:19 of 1st period - Stopped by Dustin Tokarski without a rebound.
14:20 of 1st period - Daniel Carr wins face-off versus Henrik Borgstrom in Little Stars zone.
14:21 of 1st period - Snap shot by Jonathan Marchessault.
14:21 of 1st period - Stopped by Dustin Tokarski with a rebound.
14:49 of 1st period - Snap shot by Matteson Iacopelli.
14:49 of 1st period - Shot Blocked by Anton Cederholm.
15:13 of 1st period - Wrist shot by Zach Aston-Reese.
15:13 of 1st period - Stopped by Dustin Tokarski with a rebound.
15:15 of 1st period - Slapshot by Ryan Murphy.
15:15 of 1st period - Stopped by Dustin Tokarski without a rebound.
15:16 of 1st period - Jordan LaVallee wins face-off versus Jonathan Marchessault in Little Stars zone.
15:52 of 1st period - Snap shot by Henrik Borgstrom.
15:52 of 1st period - Deflect By Sebastian Wannstrom.
15:52 of 1st period - Shot Misses the Net.
15:52 of 1st period - Puck is out of play.
15:53 of 1st period - Jason Dickinson wins face-off versus Jonathan Marchessault in Eagles zone.
16:06 of 1st period - Wrist shot by Dmitrij Jaskin.
16:06 of 1st period - Shot Misses the Net.
16:42 of 1st period - Snap shot by Dmitrij Jaskin.
16:42 of 1st period - Shot Blocked by Anton Cederholm.
17:08 of 1st period - Ville Pokka is hit by Tomas Tatar and loses puck.
17:34 of 1st period - Slapshot by Jason Dickinson.
17:34 of 1st period - Stopped by Antoine Bibeau with a rebound.
18:23 of 1st period - Wrist shot by Jared McCann.
18:23 of 1st period - Shot Misses the Net.
18:56 of 1st period - Icing by Ryan Murphy.
18:57 of 1st period - Daniel O'regan wins face-off versus Zach Aston-Reese in Eagles zone.
19:21 of 1st period - Thomas Chabot is hit by Henrik Borgstrom and loses puck.
Goals for this period are 3 for Little Stars vs 0 for Eagles.
Shots for this period are 16 for Little Stars vs 14 for Eagles.
2nd period
0:01 of 2nd period - Jonathan Marchessault wins face-off versus Daniel O'regan in neutral zone.
0:06 of 2nd period - Wrist shot by Jonathan Marchessault.
0:06 of 2nd period - Shot Blocked by Anton Cederholm.
0:16 of 2nd period - Snap shot by Dmitrij Jaskin.
0:16 of 2nd period - Goal by Dmitrij Jaskin - Little Stars : 3 - Eagles : 1.
0:17 of 2nd period - Jonathan Marchessault wins face-off versus Sebastian Wannstrom in neutral zone.
0:51 of 2nd period - Ryan Murphy is hit by Ilya Mikheyev and loses puck.
1:08 of 2nd period - Snap shot by Roman Horak.
1:08 of 2nd period - Shot Blocked by Ryan Murphy.
1:10 of 2nd period - Slapshot by Roman Horak.
1:10 of 2nd period - Shot Misses the Net.
1:33 of 2nd period - Slapshot by Zach Budish.
1:33 of 2nd period - Stopped by Antoine Bibeau without a rebound.
1:34 of 2nd period - Daniel O'regan wins face-off versus Dmitrij Jaskin in Eagles zone.
1:41 of 2nd period - Snap shot by Ilya Mikheyev.
1:41 of 2nd period - Goal by Ilya Mikheyev - Little Stars : 4 - Eagles : 1.
1:41 of 2nd period - Marek Mazanek enters game.
1:42 of 2nd period - Jonathan Marchessault wins face-off versus Daniel O'regan in neutral zone.
2:07 of 2nd period - Eric Knodel is hit by Stefan Elliott and loses puck.
3:07 of 2nd period - Zach Aston-Reese is hit by Ilya Mikheyev and loses puck.
3:44 of 2nd period - Joel Edmundson is hit by Tucker Poolman and loses puck.
4:54 of 2nd period - Slapshot by Jason Dickinson.
4:54 of 2nd period - Stopped by Marek Mazanek without a rebound.
4:55 of 2nd period - Daniel O'regan wins face-off versus Drake Caggiula in Eagles zone.
4:58 of 2nd period - Wrist shot by Jordan LaVallee.
4:58 of 2nd period - Shot Misses the Net.
5:00 of 2nd period - Minor Penalty to Drake Caggiula for Roughing.
5:01 of 2nd period - Daniel Carr wins face-off versus Daniel O'regan in Eagles zone.
5:40 of 2nd period - Frederic Allard is hit by Tomas Tatar and loses puck.
6:53 of 2nd period - Backhand shot by Joseph Blandisi.
6:53 of 2nd period - Stopped by Dustin Tokarski with a rebound.
7:00 of 2nd period - Penalty to Drake Caggiula is over, Drake Caggiula is back on ice.
7:08 of 2nd period - Wrist shot by Daniel Carr.
7:08 of 2nd period - Stopped by Dustin Tokarski with a rebound.
9:23 of 2nd period - Wrist shot by Daniel O'regan.
9:23 of 2nd period - Shot Misses the Net.
9:41 of 2nd period - Icing by Zach Aston-Reese.
9:42 of 2nd period - Daniel O'regan wins face-off versus Joseph Blandisi in Eagles zone.
9:45 of 2nd period - Snap shot by Jordan LaVallee.
9:45 of 2nd period - Shot Misses the Net.
10:26 of 2nd period - Snap shot by Joakim Nygard.
10:26 of 2nd period - Shot Misses the Net.
10:28 of 2nd period - Wrist shot by Joakim Nygard.
10:28 of 2nd period - Stopped by Marek Mazanek with a rebound.
10:30 of 2nd period - Backhand shot by Zach Budish.
10:30 of 2nd period - Stopped by Marek Mazanek with a rebound.
11:05 of 2nd period - Snap shot by Tomas Tatar.
11:05 of 2nd period - Deflect By Drake Caggiula.
11:05 of 2nd period - Shot Blocked by Jordan LaVallee.
11:05 of 2nd period - Puck is out of play.
11:06 of 2nd period - Daniel O'regan wins face-off versus Drake Caggiula in Little Stars zone.
11:06 of 2nd period - Daniel O'regan is hit by Drake Caggiula.
11:32 of 2nd period - Sebastian Wannstrom is hit by Daniel Carr and loses puck.
11:50 of 2nd period - Icing by Tucker Poolman.
11:51 of 2nd period - Jason Dickinson wins face-off versus Drake Caggiula in Little Stars zone.
11:56 of 2nd period - Snap shot by Ilya Mikheyev.
11:56 of 2nd period - Shot Misses the Net.
12:15 of 2nd period - Icing by Joel Edmundson.
12:16 of 2nd period - Jonathan Marchessault wins face-off versus Adam Tambellini in Eagles zone.
12:16 of 2nd period - Jonathan Marchessault is hit by Henrik Borgstrom.
12:44 of 2nd period - Slapshot by Henrik Borgstrom.
12:44 of 2nd period - Shot Misses the Net.
12:57 of 2nd period - Snap shot by Joel Edmundson.
12:57 of 2nd period - Shot Misses the Net.
12:59 of 2nd period - Wrist shot by Daniel Carr.
12:59 of 2nd period - Shot Blocked by Frederic Allard.
13:43 of 2nd period - Slapshot by Stefan Elliott.
13:43 of 2nd period - Stopped by Dustin Tokarski with a rebound.
13:45 of 2nd period - Slapshot by Stefan Elliott.
13:45 of 2nd period - Deflect By Daniel Carr.
13:45 of 2nd period - Shot Misses the Net.
13:45 of 2nd period - Puck is out of play.
13:46 of 2nd period - Daniel O'regan wins face-off versus Drake Caggiula in Little Stars zone.
13:46 of 2nd period - Daniel O'regan is hit by Matteson Iacopelli.
14:18 of 2nd period - Slapshot by Connor Carrick.
14:18 of 2nd period - Shot Hit the Post.
14:20 of 2nd period - Slapshot by Thomas Chabot.
14:20 of 2nd period - Deflect By Zach Aston-Reese.
14:20 of 2nd period - Shot Misses the Net.
14:20 of 2nd period - Puck is out of play.
14:21 of 2nd period - Zach Aston-Reese wins face-off versus Joakim Nygard in Little Stars zone.
14:46 of 2nd period - Snap shot by Joakim Nygard.
14:46 of 2nd period - Stopped by Marek Mazanek with a rebound.
14:58 of 2nd period - Slapshot by Thomas Chabot.
14:58 of 2nd period - Shot Misses the Net.
15:16 of 2nd period - Snap shot by Joseph Blandisi.
15:16 of 2nd period - Shot Blocked by Zach Budish.
15:18 of 2nd period - Backhand shot by Thomas Chabot.
15:18 of 2nd period - Shot Blocked by Jason Dickinson.
15:20 of 2nd period - Slapshot by Connor Carrick.
15:20 of 2nd period - Shot Blocked by Jason Dickinson.
15:22 of 2nd period - Snap shot by Jared McCann.
15:22 of 2nd period - Stopped by Dustin Tokarski with a rebound.
15:24 of 2nd period - Snap shot by Connor Carrick.
15:24 of 2nd period - Deflect By Zach Aston-Reese.
15:24 of 2nd period - Stopped by Dustin Tokarski without a rebound.
15:25 of 2nd period - Drake Caggiula wins face-off versus Daniel O'regan in Little Stars zone.
15:26 of 2nd period - Slapshot by Tomas Tatar.
15:26 of 2nd period - Goal by Tomas Tatar - Little Stars : 4 - Eagles : 2.
15:27 of 2nd period - Jonathan Marchessault wins face-off versus Daniel O'regan in neutral zone.
16:55 of 2nd period - Icing by Jonathan Marchessault.
16:56 of 2nd period - Jonathan Marchessault wins face-off versus Daniel O'regan in Eagles zone.
17:11 of 2nd period - Snap shot by Matteson Iacopelli.
17:11 of 2nd period - Stopped by Dustin Tokarski with a rebound.
17:21 of 2nd period - Ryan Murphy is hit by Anton Cederholm and loses puck.
17:42 of 2nd period - Joakim Nygard is hit by Ryan Murphy.
18:03 of 2nd period - Minor Penalty to Joel Edmundson for Hooking.
18:04 of 2nd period - Daniel O'regan wins face-off versus Daniel Carr in Eagles zone.
18:08 of 2nd period - Snap shot by Ilya Mikheyev.
18:08 of 2nd period - Shot Blocked by Stefan Elliott.
18:10 of 2nd period - Slapshot by Frederic Allard.
18:10 of 2nd period - Deflect By Jordan LaVallee.
18:10 of 2nd period - Shot Blocked by Daniel Carr.
18:10 of 2nd period - Puck is out of play.
18:11 of 2nd period - Daniel Carr wins face-off versus Daniel O'regan in Eagles zone.
18:22 of 2nd period - Slapshot by Thomas Chabot.
18:22 of 2nd period - Shot Misses the Net.
18:24 of 2nd period - Slapshot by Stefan Elliott.
18:24 of 2nd period - Stopped by Dustin Tokarski with a rebound.
18:26 of 2nd period - Slapshot by Thomas Chabot.
18:26 of 2nd period - Stopped by Dustin Tokarski without a rebound.
18:27 of 2nd period - Daniel Carr wins face-off versus Daniel O'regan in Little Stars zone.
18:40 of 2nd period - Tomas Tatar is hit by Frederic Allard and loses puck.
19:58 of 2nd period - Slapshot by Stefan Elliott.
19:58 of 2nd period - Shot Blocked by Frederic Allard.
Goals for this period are 1 for Little Stars vs 2 for Eagles.
Shots for this period are 6 for Little Stars vs 10 for Eagles.
3rd period
0:01 of 3rd period - Daniel Carr wins face-off versus Daniel O'regan in neutral zone.
0:03 of 3rd period - Penalty to Joel Edmundson is over, Joel Edmundson is back on ice.
0:38 of 3rd period - Joseph Blandisi is hit by Sebastian Wannstrom and loses puck.
1:10 of 3rd period - Slapshot by Tomas Tatar.
1:10 of 3rd period - Stopped by Dustin Tokarski with a rebound.
1:12 of 3rd period - Slapshot by John Ramage.
1:12 of 3rd period - Shot Blocked by Tucker Poolman.
1:56 of 3rd period - Snap shot by Anton Cederholm.
1:56 of 3rd period - Deflect By Adam Tambellini.
1:56 of 3rd period - Shot Blocked by Stefan Elliott.
1:56 of 3rd period - Puck is out of play.
1:57 of 3rd period - Henrik Borgstrom wins face-off versus Joseph Blandisi in Eagles zone.
2:22 of 3rd period - Icing by Thomas Chabot.
2:23 of 3rd period - Daniel O'regan wins face-off versus Zach Aston-Reese in Eagles zone.
2:32 of 3rd period - Snap shot by Thomas Chabot.
2:32 of 3rd period - Shot Blocked by Ilya Mikheyev.
2:34 of 3rd period - Slapshot by Thomas Chabot.
2:34 of 3rd period - Deflect By Daniel O'regan.
2:34 of 3rd period - Stopped by Dustin Tokarski without a rebound.
2:35 of 3rd period - Daniel O'regan wins face-off versus Jonathan Marchessault in Little Stars zone.
3:05 of 3rd period - Joel Edmundson is hit by Adam Tambellini and loses puck.
3:24 of 3rd period - Slapshot by Joel Edmundson.
3:24 of 3rd period - Stopped by Dustin Tokarski with a rebound.
4:39 of 3rd period - Icing by Tomas Tatar.
4:40 of 3rd period - Jonathan Marchessault wins face-off versus Jason Dickinson in Eagles zone.
5:40 of 3rd period - Snap shot by Adam Tambellini.
5:40 of 3rd period - Stopped by Marek Mazanek without a rebound.
5:41 of 3rd period - Drake Caggiula wins face-off versus Daniel O'regan in Eagles zone.
5:55 of 3rd period - Off-side.
5:56 of 3rd period - Zach Aston-Reese wins face-off versus Daniel O'regan in neutral zone.
6:01 of 3rd period - Zach Aston-Reese is hit by Tucker Poolman and loses puck.
6:10 of 3rd period - Wrist shot by Joseph Blandisi.
6:10 of 3rd period - Shot Blocked by Tucker Poolman.
6:12 of 3rd period - Wrist shot by Jared McCann.
6:12 of 3rd period - Shot Misses the Net.
6:22 of 3rd period - Tomas Tatar is hit by Sebastian Wannstrom and loses puck.
7:06 of 3rd period - Minor Penalty to Daniel Carr for Hooking.
7:07 of 3rd period - Sam Steel wins face-off versus Daniel O'regan in Eagles zone.
7:12 of 3rd period - Icing by Jordan LaVallee.
7:13 of 3rd period - Sam Steel wins face-off versus Daniel O'regan in Little Stars zone.
7:18 of 3rd period - Snap shot by Tomas Tatar.
7:18 of 3rd period - Stopped by Dustin Tokarski with a rebound.
7:23 of 3rd period - Off-side.
7:24 of 3rd period - Daniel O'regan wins face-off versus Sam Steel in neutral zone.
7:29 of 3rd period - Wrist shot by Jordan LaVallee.
7:29 of 3rd period - Shot Blocked by Joel Edmundson.
7:31 of 3rd period - Snap shot by Ilya Mikheyev.
7:31 of 3rd period - Stopped by Marek Mazanek without a rebound.
7:32 of 3rd period - Daniel O'regan wins face-off versus Sam Steel in Eagles zone.
7:47 of 3rd period - Snap shot by Ilya Mikheyev.
7:47 of 3rd period - Stopped by Marek Mazanek with a rebound.
8:24 of 3rd period - Joseph Blandisi is hit by Ilya Mikheyev and loses puck.
9:06 of 3rd period - Penalty to Daniel Carr is over, Daniel Carr is back on ice.
9:15 of 3rd period - Wrist shot by Michael Dal Colle.
9:15 of 3rd period - Stopped by Dustin Tokarski with a rebound.
9:25 of 3rd period - Sam Steel is hit by Zach Budish and loses puck.
9:50 of 3rd period - Ville Pokka is hit by Joseph Blandisi and loses puck.
10:27 of 3rd period - Snap shot by Anton Cederholm.
10:27 of 3rd period - Shot Blocked by Jared McCann.
10:30 of 3rd period - Icing by Joseph Blandisi.
10:31 of 3rd period - Henrik Borgstrom wins face-off versus Zach Aston-Reese in Eagles zone.
10:32 of 3rd period - Snap shot by Adam Tambellini.
10:32 of 3rd period - Stopped by Marek Mazanek without a rebound.
10:33 of 3rd period - Henrik Borgstrom wins face-off versus Drake Caggiula in Eagles zone.
10:46 of 3rd period - Snap shot by Sebastian Wannstrom.
10:46 of 3rd period - Stopped by Marek Mazanek with a rebound.
11:10 of 3rd period - Slapshot by Henrik Borgstrom.
11:10 of 3rd period - Shot Misses the Net.
11:12 of 3rd period - Snap shot by Henrik Borgstrom.
11:12 of 3rd period - Stopped by Marek Mazanek with a rebound.
11:18 of 3rd period - Wrist shot by Adam Tambellini.
11:18 of 3rd period - Shot Misses the Net.
11:20 of 3rd period - Slapshot by Tucker Poolman.
11:20 of 3rd period - Stopped by Marek Mazanek without a rebound.
11:21 of 3rd period - Daniel O'regan wins face-off versus Jonathan Marchessault in Eagles zone.
11:30 of 3rd period - Snap shot by Ilya Mikheyev.
11:30 of 3rd period - Shot Misses the Net.
13:00 of 3rd period - Minor Penalty to Daniel Carr for Holding Stick.
13:01 of 3rd period - Jordan LaVallee wins face-off versus Sam Steel in Eagles zone.
13:15 of 3rd period - Snap shot by Ilya Mikheyev.
13:15 of 3rd period - Stopped by Marek Mazanek with a rebound.
13:17 of 3rd period - Slapshot by Frederic Allard.
13:17 of 3rd period - Stopped by Marek Mazanek with a rebound.
13:40 of 3rd period - John Ramage is hit by Frederic Allard.
13:54 of 3rd period - Jordan LaVallee is hit by Dmitrij Jaskin and loses puck.
14:30 of 3rd period - Icing by Daniel O'regan.
14:31 of 3rd period - Drake Caggiula wins face-off versus Daniel O'regan in Little Stars zone.
14:44 of 3rd period - Henrik Borgstrom is hit by Tomas Tatar and loses puck.
15:00 of 3rd period - Penalty to Daniel Carr is over, Daniel Carr is back on ice.
15:09 of 3rd period - Snap shot by Zach Budish.
15:09 of 3rd period - Stopped by Marek Mazanek without a rebound.
15:10 of 3rd period - Jason Dickinson wins face-off versus Jared McCann in Eagles zone.
15:15 of 3rd period - Snap shot by Zach Budish.
15:15 of 3rd period - Stopped by Marek Mazanek without a rebound.
15:16 of 3rd period - Daniel O'regan wins face-off versus Jared McCann in Eagles zone.
15:19 of 3rd period - Snap shot by Daniel O'regan.
15:19 of 3rd period - Shot Misses the Net.
16:28 of 3rd period - Minor Penalty to Joel Edmundson for Interference.
16:29 of 3rd period - Daniel Carr wins face-off versus Daniel O'regan in Eagles zone.
18:28 of 3rd period - Penalty to Joel Edmundson is over, Joel Edmundson is back on ice.
19:26 of 3rd period - Roman Horak is hit by Jonathan Marchessault and loses puck.
Goals for this period are 0 for Little Stars vs 0 for Eagles.
Shots for this period are 11 for Little Stars vs 5 for Eagles.